General information
- name: BNet
- type: Ladder team game (AT/RT)
- host: Battle.net
- saver: thankUblizz
map: LastManStanding
- players: 8
- length: 62:06
- speed: Fast
- version: 1.26 W3XP
- replay type: Public
» download(328 KB)
Players
team 1 (winner)
xXRationalismXx (
blue | 51 APM | 2319 actions | 45:16)
5 Death Knight
3 Death Coil
2 Unholy Aura
4 Lich
2 Frost Nova
2 Dark Ritual
» actions
| Assign group hotkey | 42 | |
| Basic commands | 3 | |
| Build / train | 60 | |
| ESC pressed | 1 | |
| Enter build submenu | 18 | |
| Enter hero's abilities submenu | 9 | |
| Give item / drop item | 3 | |
| Right click | 1152 | |
| Select / deselect | 366 | |
| Select group hotkey | 575 | |
| Use ability | 90 | |
2319 total
» units
| Acolyte | 3 | |
| Ghoul | 3 | |
| Crypt Fiend | 10 | |
| Obsidian Statue | 3 | |
| Meatwagon | 7 | |
| Frost Wyrm | 6 | |
32 total
» upgrades
| Creature Carapace | 3 | |
| Creature Attack | 3 | |
| Web | 1 | |
| Burrow | 2 | |
| Destroyer Form | 1 | |
| Freezing Breath | 1 | |
11 total
» buildings
| Crypt | 1 | |
| Ziggurat | 7 | |
| Altar of Darkness | 1 | |
| Graveyard | 2 | |
| Nerubian Tower | 1 | |
| Tomb of Relics | 1 | |
| Halls of the Dead | 1 | |
| Slaughterhouse | 1 | |
| Black Citadel | 1 | |
| Sacrificial Pit | 1 | |
| Boneyard | 1 | |
18 total
» build order
00:11 Crypt
00:13 Ziggurat
01:00 Altar of Darkness
01:05 Graveyard
01:07 Graveyard
01:26 Ziggurat
02:35 Nerubian Tower
02:39 Tomb of Relics
04:36 Ziggurat
04:43 Halls of the Dead
05:24 Ziggurat
07:16 Slaughterhouse
08:16 Black Citadel
08:19 Ziggurat
12:52 Ziggurat
14:49 Sacrificial Pit
18:06 Ziggurat
22:01 Boneyard
» items
| Rod of Necromancy | 1 | |
| Orb of Corruption | 1 | |
| Scroll of Town Portal | 1 | |
3 total
fearoffreedom (
orange | 73 APM | 4553 actions | 62:06)
7 Pit Lord
3 Rain of Fire
3 Cleaving Attack
1 Doom
5 Archmage
2 Blizzard
2 Brilliance Aura
1 Summon Water Elemental
5 Dark Ranger
3 Silence
2 Black Arrow
3 Lich
1 Dark Ritual
1 Frost Nova
1 Death and Decay
4 Crypt Lord
3 Spiked Carapace
1 Impale
7 Death Knight
3 Unholy Aura
1 Death Coil
2 Death Pact
1 Animate Dead
» actions
| Assign group hotkey | 117 | |
| Basic commands | 183 | |
| Build / train | 309 | |
| Enter build submenu | 70 | |
| Enter hero's abilities submenu | 32 | |
| Give item / drop item | 8 | |
| Right click | 1585 | |
| Select / deselect | 884 | |
| Select group hotkey | 1028 | |
| Use ability | 335 | |
4553 total
» units
| Peasant | 19 | |
| Goblin Shredder | 14 | |
| Flying Machine | 3 | |
| Gryphon Rider | 16 | |
| Frost Wyrm | 60 | |
| Acolyte | 3 | |
| Gargoyle | 25 | |
| Abomination | 1 | |
141 total
» upgrades
| Masonry | 4 | |
| Lumber Harvesting | 2 | |
| Magic Sentry | 1 | |
| Storm Hammers | 1 | |
| Swords | 3 | |
| Armor | 3 | |
| Flak Cannons | 1 | |
| Cloud | 1 | |
| Flying Machine Bombs | 1 | |
| Fragmentation Shards | 1 | |
| Barrage | 1 | |
| Flare | 1 | |
| Plating | 1 | |
| Gunpowder | 1 | |
| Sorceress Training | 1 | |
| Creature Attack | 1 | |
| Creature Carapace | 2 | |
26 total
» buildings
| Altar of Kings | 2 | |
| Farm | 13 | |
| Lumber Mill | 33 | |
| Arcane Vault | 2 | |
| Scout Tower | 90 | |
| Guard Tower | 57 | |
| Keep | 1 | |
| Town Hall | 2 | |
| Blacksmith | 1 | |
| Arcane Sanctum | 1 | |
| Castle | 5 | |
| Gryphon Aviary | 4 | |
| Workshop | 4 | |
| Ziggurat | 4 | |
219 total
» build order
00:18 Altar of Kings
00:31 Farm
00:36 Farm
01:26 Farm
01:47 Farm
02:36 Lumber Mill
03:35 Arcane Vault
03:38 Scout Tower
03:43 Scout Tower
04:06 Guard Tower
04:08 Scout Tower
04:09 Guard Tower
04:09 Guard Tower
04:10 Guard Tower
04:11 Scout Tower
04:13 Scout Tower
04:25 Keep
04:36 Guard Tower
04:40 Guard Tower
04:40 Guard Tower
04:40 Guard Tower
06:07 Town Hall
06:08 Scout Tower
06:08 Scout Tower
06:09 Scout Tower
06:10 Scout Tower
06:10 Scout Tower
06:31 Blacksmith
08:34 Town Hall
08:37 Scout Tower
08:38 Scout Tower
08:39 Scout Tower
08:40 Scout Tower
08:43 Scout Tower
09:06 Scout Tower
09:08 Scout Tower
09:09 Scout Tower
09:10 Scout Tower
09:10 Scout Tower
09:12 Guard Tower
09:14 Guard Tower
09:34 Guard Tower
09:37 Guard Tower
09:41 Guard Tower
09:52 Guard Tower
10:40 Arcane Sanctum
10:48 Castle
10:48 Castle
10:48 Castle
10:48 Castle
11:09 Scout Tower
11:11 Scout Tower
11:33 Scout Tower
11:34 Scout Tower
11:35 Scout Tower
11:36 Scout Tower
11:44 Scout Tower
11:45 Scout Tower
11:46 Scout Tower
11:46 Scout Tower
11:47 Scout Tower
11:50 Scout Tower
11:50 Scout Tower
11:51 Scout Tower
11:51 Scout Tower
11:51 Scout Tower
11:52 Scout Tower
11:53 Scout Tower
11:54 Scout Tower
11:54 Scout Tower
11:55 Scout Tower
12:18 Guard Tower
12:26 Guard Tower
12:26 Guard Tower
12:26 Guard Tower
12:27 Guard Tower
12:29 Guard Tower
12:48 Guard Tower
12:50 Guard Tower
12:50 Guard Tower
12:50 Guard Tower
12:56 Scout Tower
12:57 Scout Tower
12:58 Scout Tower
13:01 Guard Tower
13:36 Guard Tower
13:37 Guard Tower
13:40 Guard Tower
13:45 Lumber Mill
13:48 Guard Tower
13:51 Scout Tower
13:51 Scout Tower
13:52 Scout Tower
13:53 Scout Tower
13:53 Scout Tower
13:54 Scout Tower
13:55 Scout Tower
13:56 Scout Tower
13:57 Scout Tower
13:58 Scout Tower
13:58 Scout Tower
13:59 Scout Tower
13:59 Scout Tower
14:00 Scout Tower
14:02 Scout Tower
14:02 Scout Tower
14:02 Scout Tower
14:03 Scout Tower
14:03 Scout Tower
14:04 Scout Tower
14:04 Scout Tower
14:05 Scout Tower
14:06 Scout Tower
14:06 Scout Tower
14:07 Scout Tower
14:09 Scout Tower
14:27 Guard Tower
14:45 Guard Tower
14:52 Guard Tower
15:08 Scout Tower
15:09 Scout Tower
15:10 Scout Tower
15:18 Guard Tower
15:53 Lumber Mill
15:55 Lumber Mill
16:32 Guard Tower
16:59 Guard Tower
17:11 Guard Tower
17:12 Guard Tower
17:12 Guard Tower
17:12 Guard Tower
17:13 Guard Tower
17:15 Guard Tower
17:15 Guard Tower
17:15 Guard Tower
17:40 Lumber Mill
17:41 Lumber Mill
17:41 Lumber Mill
17:41 Lumber Mill
17:41 Lumber Mill
17:42 Lumber Mill
17:42 Lumber Mill
17:42 Lumber Mill
17:42 Lumber Mill
17:43 Lumber Mill
17:43 Lumber Mill
17:43 Lumber Mill
17:43 Lumber Mill
17:44 Lumber Mill
17:44 Lumber Mill
17:44 Lumber Mill
17:44 Lumber Mill
17:45 Lumber Mill
17:45 Lumber Mill
17:45 Lumber Mill
18:06 Gryphon Aviary
18:07 Gryphon Aviary
18:09 Workshop
18:10 Gryphon Aviary
18:12 Gryphon Aviary
18:26 Guard Tower
18:28 Guard Tower
18:34 Guard Tower
18:36 Guard Tower
18:38 Guard Tower
18:43 Arcane Vault
19:38 Guard Tower
20:33 Guard Tower
21:14 Farm
21:15 Farm
21:17 Farm
21:18 Farm
21:18 Farm
21:19 Farm
21:20 Farm
21:20 Farm
21:21 Farm
21:29 Scout Tower
21:30 Scout Tower
21:30 Scout Tower
22:03 Guard Tower
22:13 Scout Tower
22:14 Scout Tower
22:15 Scout Tower
22:16 Scout Tower
22:17 Scout Tower
22:17 Scout Tower
22:17 Scout Tower
22:18 Scout Tower
22:18 Scout Tower
22:18 Scout Tower
22:19 Scout Tower
23:12 Guard Tower
24:20 Guard Tower
24:32 Workshop
24:33 Workshop
24:37 Workshop
26:44 Guard Tower
29:08 Altar of Kings
33:32 Ziggurat
39:50 Ziggurat
39:51 Ziggurat
39:51 Ziggurat
» items
| Scroll of Regeneration | 1 | |
| Staff of Sanctuary | 10 | |
| Ivory Tower | 10 | |
| Orb of Corruption | 9 | |
| Scroll of Town Portal | 1 | |
31 total
umopXapisdn (
yellow | 31 APM | 691 actions | 22:18)
4 Death Knight
2 Death Coil
2 Unholy Aura
1 Crypt Lord
1 Impale
1 Lich
1 Frost Nova
» actions
| Assign group hotkey | 23 | |
| Build / train | 65 | |
| Enter build submenu | 20 | |
| Enter hero's abilities submenu | 6 | |
| Give item / drop item | 1 | |
| Remove unit from queue | 1 | |
| Right click | 318 | |
| Select / deselect | 202 | |
| Select group hotkey | 11 | |
| Use ability | 44 | |
691 total
» units
| Acolyte | 9 | |
| Ghoul | 7 | |
| Crypt Fiend | 8 | |
| Frost Wyrm | 4 | |
| Goblin Zeppelin | 3 | |
| Goblin Sapper | 6 | |
37 total
» upgrades
| Web | 1 | |
| Creature Attack | 2 | |
| Freezing Breath | 1 | |
4 total
» buildings
| Ziggurat | 9 | |
| Crypt | 2 | |
| Altar of Darkness | 1 | |
| Graveyard | 1 | |
| Tomb of Relics | 1 | |
| Halls of the Dead | 1 | |
| Necropolis | 1 | |
| Black Citadel | 1 | |
| Sacrificial Pit | 1 | |
| Slaughterhouse | 1 | |
| Spirit Tower | 2 | |
| Boneyard | 2 | |
| Nerubian Tower | 1 | |
24 total
» build order
00:38 Ziggurat
00:43 Crypt
00:53 Altar of Darkness
01:01 Ziggurat
01:22 Graveyard
01:49 Tomb of Relics
04:01 Ziggurat
06:35 Ziggurat
06:38 Halls of the Dead
07:09 Crypt
07:15 Ziggurat
08:42 Ziggurat
08:43 Ziggurat
08:47 Ziggurat
08:48 Ziggurat
08:54 Necropolis
11:02 Black Citadel
11:11 Sacrificial Pit
11:21 Slaughterhouse
12:22 Spirit Tower
14:42 Boneyard
14:48 Boneyard
15:32 Nerubian Tower
15:34 Spirit Tower
» items
| Rod of Necromancy | 1 | |
| Scroll of Town Portal | 3 | |
| Potion of Healing | 2 | |
| Potion of Mana | 1 | |
| Orb of Corruption | 1 | |
8 total

»
FarmHasRisen- (
green | 37 APM | 815 actions | 22:04)
5 Death Knight
3 Death Coil
2 Unholy Aura
» actions
| Assign group hotkey | 26 | |
| Basic commands | 40 | |
| Build / train | 55 | |
| ESC pressed | 1 | |
| Enter build submenu | 17 | |
| Enter hero's abilities submenu | 5 | |
| Give item / drop item | 2 | |
| Right click | 253 | |
| Select / deselect | 287 | |
| Select group hotkey | 79 | |
| Use ability | 50 | |
815 total
» units
| Acolyte | 2 | |
| Ghoul | 5 | |
| Crypt Fiend | 12 | |
| Gargoyle | 3 | |
| Meatwagon | 3 | |
| Goblin Zeppelin | 1 | |
| Obsidian Statue | 2 | |
28 total
» upgrades
| Creature Attack | 3 | |
| Creature Carapace | 3 | |
| Web | 1 | |
| Burrow | 1 | |
| Unholy Strength | 1 | |
9 total
» buildings
| Ziggurat | 7 | |
| Altar of Darkness | 1 | |
| Crypt | 3 | |
| Graveyard | 1 | |
| Halls of the Dead | 4 | |
| Black Citadel | 3 | |
| Spirit Tower | 1 | |
| Slaughterhouse | 1 | |
| Tomb of Relics | 1 | |
22 total
» build order
00:34 Ziggurat
00:35 Altar of Darkness
02:02 Crypt
02:12 Crypt
02:18 Crypt
02:21 Ziggurat
03:04 Graveyard
04:09 Halls of the Dead
04:09 Halls of the Dead
04:09 Halls of the Dead
05:15 Ziggurat
05:16 Ziggurat
09:55 Black Citadel
09:56 Black Citadel
11:41 Spirit Tower
11:44 Ziggurat
11:45 Ziggurat
11:47 Slaughterhouse
17:53 Ziggurat
17:59 Tomb of Relics
» items
| Potion of Healing | 1 | |
| Orb of Fire | 1 | |
2 total
team 2 (loser)

»
raidedxelite (
pink | 34 APM | 1999 actions | 58:10)
6 Archmage
3 Summon Water Elemental
2 Brilliance Aura
1 Mass Teleport
5 Paladin
3 Holy Light
1 Divine Shield
1 Devotion Aura
» actions
| Assign group hotkey | 57 | |
| Basic commands | 1 | |
| Build / train | 68 | |
| Enter build submenu | 23 | |
| Enter hero's abilities submenu | 11 | |
| Give item / drop item | 1 | |
| Right click | 835 | |
| Select / deselect | 394 | |
| Select group hotkey | 527 | |
| Use ability | 82 | |
1999 total
» units
| Peasant | 11 | |
| Footman | 4 | |
| Rifleman | 2 | |
| Gryphon Rider | 4 | |
| Knight | 12 | |
| Priest | 8 | |
| Goblin Zeppelin | 2 | |
43 total
» upgrades
| Swords | 3 | |
| Armor | 1 | |
| Storm Hammers | 1 | |
| Animal War Training | 1 | |
| Priest Training | 2 | |
| Plating | 2 | |
10 total
» buildings
| Altar of Kings | 1 | |
| Farm | 14 | |
| Barracks | 1 | |
| Blacksmith | 1 | |
| Keep | 1 | |
| Lumber Mill | 1 | |
| Castle | 1 | |
| Gryphon Aviary | 3 | |
| Town Hall | 1 | |
| Arcane Sanctum | 1 | |
25 total
» build order
00:12 Altar of Kings
00:24 Farm
00:32 Barracks
01:06 Farm
01:44 Farm
02:27 Farm
02:35 Blacksmith
03:11 Keep
03:14 Farm
04:28 Lumber Mill
04:58 Farm
05:35 Castle
05:39 Gryphon Aviary
05:45 Farm
06:30 Gryphon Aviary
07:28 Gryphon Aviary
08:21 Farm
09:19 Town Hall
09:34 Farm
10:24 Farm
11:33 Arcane Sanctum
13:56 Farm
15:41 Farm
18:41 Farm
22:28 Farm

»
RockMeGently (
red | 29 APM | 1810 actions | 61:53)
8 Tauren Chieftain
3 War Stomp
3 Endurance Aura
1 Reincarnation
1 Shockwave
6 Shadow Hunter
3 Healing Wave
2 Hex
1 Big Bad Voodoo
» actions
| Assign group hotkey | 3 | |
| Basic commands | 50 | |
| Build / train | 102 | |
| Enter build submenu | 20 | |
| Enter hero's abilities submenu | 14 | |
| Give item / drop item | 1 | |
| Right click | 803 | |
| Select / deselect | 667 | |
| Select group hotkey | 24 | |
| Use ability | 126 | |
1810 total
» units
| Peon | 9 | |
| Wind Rider | 20 | |
| Goblin Shredder | 1 | |
| Razormane Medicine Man | 2 | |
| Goblin Zeppelin | 5 | |
| Bronze Dragon | 2 | |
| Troll Batrider | 16 | |
| Harpy Windwitch | 1 | |
| Harpy Rogue | 1 | |
| Centaur Outrunner | 1 | |
58 total
» upgrades
| Ranged Weapons | 3 | |
| Armor | 3 | |
| Envenomed Spears | 1 | |
| Reinforced Defenses | 1 | |
| Spiked Barricades | 3 | |
| War Drums Damage Increase | 1 | |
| Liquid Fire | 1 | |
13 total
» buildings
| Orc Burrow | 8 | |
| Stronghold | 1 | |
| War Mill | 2 | |
| Voodoo Lounge | 1 | |
| Altar of Storms | 1 | |
| Beastiary | 2 | |
| Great Hall | 1 | |
| Fortress | 1 | |
17 total
» build order
03:25 Orc Burrow
03:43 Stronghold
04:08 War Mill
04:40 Orc Burrow
04:50 Voodoo Lounge
04:57 Altar of Storms
06:06 Beastiary
06:31 Beastiary
06:54 Orc Burrow
07:18 Orc Burrow
08:37 Great Hall
09:26 Fortress
12:33 Orc Burrow
14:01 Orc Burrow
16:48 Orc Burrow
17:43 Orc Burrow
28:36 War Mill
» items
| Orb of Lightning | 2 | |
| Scroll of Speed | 3 | |
| Potion of Healing | 3 | |
| Scroll of Town Portal | 1 | |
| Lesser Clarity Potion | 4 | |
13 total
thankUblizz (
purple | 51 APM | 3196 actions | 62:06)
4 Archmage
2 Blizzard
2 Brilliance Aura
3 Pit Lord
2 Rain of Fire
1 Cleaving Attack
3 Blood Mage
2 Flame Strike
1 Siphon Mana
» actions
| Assign group hotkey | 79 | |
| Basic commands | 305 | |
| Build / train | 127 | |
| ESC pressed | 10 | |
| Enter build submenu | 69 | |
| Enter hero's abilities submenu | 10 | |
| Give item / drop item | 1 | |
| Right click | 1000 | |
| Select / deselect | 588 | |
| Select group hotkey | 645 | |
| Use ability | 361 | |
3196 total
» units
| Peasant | 22 | |
| Goblin Shredder | 4 | |
| Goblin Zeppelin | 3 | |
| Bronze Dragon | 6 | |
| Gryphon Rider | 1 | |
36 total
» upgrades
| Masonry | 3 | |
| Lumber Harvesting | 2 | |
| Armor | 3 | |
| Animal War Training | 1 | |
| Swords | 3 | |
| Magic Sentry | 1 | |
| Storm Hammers | 1 | |
| Gunpowder | 2 | |
| Plating | 2 | |
18 total
» buildings
| Altar of Kings | 1 | |
| Farm | 15 | |
| Lumber Mill | 48 | |
| Scout Tower | 128 | |
| Arcane Tower | 1 | |
| Guard Tower | 53 | |
| Town Hall | 2 | |
| Keep | 2 | |
| Castle | 1 | |
| Blacksmith | 1 | |
| Barracks | 1 | |
| Gryphon Aviary | 13 | |
| Arcane Sanctum | 1 | |
267 total
» build order
00:07 Altar of Kings
00:11 Farm
00:51 Farm
01:29 Lumber Mill
01:59 Scout Tower
02:23 Scout Tower
02:27 Arcane Tower
02:32 Scout Tower
02:52 Guard Tower
02:55 Scout Tower
03:02 Farm
03:05 Guard Tower
03:07 Scout Tower
03:23 Guard Tower
03:26 Scout Tower
03:36 Guard Tower
04:11 Town Hall
04:32 Guard Tower
04:34 Scout Tower
04:42 Scout Tower
04:43 Scout Tower
04:53 Farm
04:59 Scout Tower
05:00 Scout Tower
05:01 Scout Tower
05:02 Scout Tower
05:55 Guard Tower
06:00 Guard Tower
06:34 Guard Tower
06:41 Keep
07:15 Scout Tower
07:16 Scout Tower
07:17 Scout Tower
07:24 Guard Tower
07:26 Scout Tower
07:27 Scout Tower
07:27 Scout Tower
07:28 Scout Tower
07:35 Scout Tower
07:36 Scout Tower
07:36 Scout Tower
07:37 Scout Tower
07:38 Scout Tower
07:39 Scout Tower
07:44 Guard Tower
07:48 Scout Tower
07:49 Scout Tower
07:50 Scout Tower
08:09 Scout Tower
08:10 Scout Tower
08:17 Guard Tower
08:25 Guard Tower
08:28 Scout Tower
08:38 Guard Tower
08:48 Scout Tower
08:49 Scout Tower
08:50 Scout Tower
08:51 Scout Tower
09:00 Guard Tower
09:44 Scout Tower
09:46 Scout Tower
09:47 Scout Tower
09:48 Scout Tower
09:50 Scout Tower
09:51 Scout Tower
09:52 Scout Tower
09:53 Scout Tower
09:54 Scout Tower
09:56 Scout Tower
09:58 Castle
10:03 Blacksmith
10:05 Barracks
10:09 Gryphon Aviary
10:11 Gryphon Aviary
10:19 Guard Tower
10:26 Farm
10:36 Guard Tower
10:52 Guard Tower
11:14 Town Hall
11:16 Scout Tower
11:17 Scout Tower
11:18 Scout Tower
11:19 Scout Tower
11:20 Scout Tower
11:21 Scout Tower
11:22 Scout Tower
11:23 Scout Tower
11:24 Scout Tower
11:26 Scout Tower
11:27 Scout Tower
11:28 Scout Tower
11:29 Scout Tower
11:30 Scout Tower
11:31 Scout Tower
11:32 Scout Tower
11:39 Scout Tower
11:39 Scout Tower
11:40 Scout Tower
11:40 Scout Tower
11:40 Scout Tower
11:46 Guard Tower
11:53 Arcane Sanctum
11:56 Guard Tower
12:22 Guard Tower
12:25 Guard Tower
12:31 Guard Tower
12:40 Guard Tower
13:04 Guard Tower
13:22 Scout Tower
13:23 Scout Tower
13:25 Scout Tower
13:35 Guard Tower
13:35 Guard Tower
13:37 Scout Tower
13:37 Scout Tower
13:38 Scout Tower
13:38 Scout Tower
13:38 Scout Tower
13:39 Scout Tower
13:39 Scout Tower
13:53 Guard Tower
13:54 Guard Tower
14:16 Guard Tower
14:20 Scout Tower
14:22 Scout Tower
14:22 Scout Tower
14:23 Scout Tower
14:24 Scout Tower
14:25 Scout Tower
14:28 Scout Tower
14:29 Scout Tower
14:29 Scout Tower
14:31 Scout Tower
14:32 Scout Tower
14:32 Scout Tower
15:22 Guard Tower
15:31 Lumber Mill
15:40 Guard Tower
15:52 Scout Tower
15:53 Scout Tower
15:55 Scout Tower
15:56 Scout Tower
17:01 Guard Tower
17:11 Guard Tower
17:11 Guard Tower
17:17 Gryphon Aviary
17:20 Farm
17:20 Farm
17:20 Farm
17:21 Farm
17:21 Farm
17:21 Farm
17:30 Scout Tower
17:31 Scout Tower
17:32 Scout Tower
17:32 Scout Tower
17:34 Scout Tower
17:34 Scout Tower
17:34 Scout Tower
17:35 Scout Tower
17:36 Scout Tower
17:36 Scout Tower
17:36 Scout Tower
17:37 Scout Tower
17:37 Scout Tower
17:37 Scout Tower
17:38 Scout Tower
17:39 Scout Tower
17:39 Scout Tower
17:39 Scout Tower
17:40 Scout Tower
18:11 Scout Tower
18:12 Scout Tower
18:13 Scout Tower
18:14 Scout Tower
18:15 Scout Tower
18:17 Guard Tower
18:41 Guard Tower
18:48 Guard Tower
18:48 Guard Tower
18:50 Guard Tower
18:55 Lumber Mill
18:56 Lumber Mill
18:56 Lumber Mill
18:56 Lumber Mill
18:56 Lumber Mill
18:57 Lumber Mill
18:57 Lumber Mill
18:57 Lumber Mill
18:57 Lumber Mill
18:58 Lumber Mill
18:58 Lumber Mill
18:58 Lumber Mill
18:58 Lumber Mill
18:59 Lumber Mill
18:59 Lumber Mill
18:59 Lumber Mill
18:59 Lumber Mill
19:00 Lumber Mill
19:00 Lumber Mill
19:01 Lumber Mill
19:01 Lumber Mill
19:01 Lumber Mill
19:01 Lumber Mill
19:02 Lumber Mill
19:02 Lumber Mill
19:02 Lumber Mill
19:10 Guard Tower
19:20 Guard Tower
19:39 Guard Tower
19:42 Guard Tower
19:59 Lumber Mill
20:06 Guard Tower
20:08 Lumber Mill
20:08 Lumber Mill
20:09 Lumber Mill
20:11 Lumber Mill
20:11 Lumber Mill
20:13 Guard Tower
20:14 Guard Tower
20:29 Scout Tower
20:29 Scout Tower
20:30 Scout Tower
20:31 Scout Tower
20:33 Scout Tower
20:34 Scout Tower
20:53 Guard Tower
21:20 Guard Tower
21:44 Guard Tower
21:50 Guard Tower
21:58 Scout Tower
21:59 Scout Tower
22:00 Scout Tower
22:00 Scout Tower
22:40 Gryphon Aviary
22:40 Gryphon Aviary
22:42 Gryphon Aviary
22:42 Gryphon Aviary
23:03 Guard Tower
25:30 Gryphon Aviary
25:31 Gryphon Aviary
25:32 Gryphon Aviary
25:32 Gryphon Aviary
25:33 Gryphon Aviary
25:34 Gryphon Aviary
28:11 Farm
28:11 Farm
28:11 Farm
47:37 Keep
» items
| Orb of Lightning | 1 | |
| Tiny Great Hall | 1 | |
2 total
yomaz (
teal | 16 APM | 960 actions | 61:23)
4 Archmage
2 Summon Water Elemental
2 Brilliance Aura
» actions
| Assign group hotkey | 23 | |
| Basic commands | 1 | |
| Build / train | 56 | |
| ESC pressed | 1 | |
| Enter build submenu | 16 | |
| Enter hero's abilities submenu | 4 | |
| Remove unit from queue | 2 | |
| Right click | 306 | |
| Select / deselect | 304 | |
| Select group hotkey | 129 | |
| Use ability | 117 | |
960 total
» units
| Peasant | 11 | |
| Rifleman | 10 | |
| Priest | 2 | |
| Mortar Team | 13 | |
36 total
» upgrades
| Long Rifles | 1 | |
| Gunpowder | 2 | |
| Armor | 1 | |
| Priest Training | 2 | |
| Sorceress Training | 1 | |
| Fragmentation Shards | 1 | |
| Flare | 1 | |
9 total
» buildings
| Farm | 17 | |
| Altar of Kings | 1 | |
| Barracks | 2 | |
| Scout Tower | 3 | |
| Blacksmith | 1 | |
| Arcane Tower | 1 | |
| Keep | 1 | |
| Lumber Mill | 1 | |
| Castle | 1 | |
| Guard Tower | 1 | |
| Arcane Sanctum | 2 | |
| Workshop | 2 | |
33 total
» build order
00:10 Farm
00:14 Altar of Kings
01:00 Barracks
01:25 Farm
01:25 Farm
01:27 Scout Tower
01:37 Farm
01:41 Scout Tower
01:42 Scout Tower
02:12 Barracks
02:38 Blacksmith
03:28 Arcane Tower
04:29 Keep
04:45 Farm
04:46 Farm
04:47 Farm
04:49 Farm
06:54 Lumber Mill
07:17 Farm
07:18 Farm
07:19 Farm
07:20 Farm
07:22 Farm
07:24 Farm
09:22 Castle
09:25 Guard Tower
09:34 Arcane Sanctum
09:36 Arcane Sanctum
11:51 Workshop
11:52 Workshop
13:29 Farm
13:30 Farm
13:31 Farm
Chat log
(00:07 / Allies) raidedxelite: untis?
(00:08 / All) xXRationalismXx: DAMN... FOR REAL?
(00:16 / All) raidedxelite: >
(00:20 / 5) thankUblizz: in before rage quit
(00:23 / All) umopXapisdn: this map is minature
(00:36 / Allies) raidedxelite: units?
(00:41 / Allies) yomaz: rif/casters
(00:42 / 5) thankUblizz: ally is killing his main
(00:43 / Allies) raidedxelite: wate
(00:49 / 8) fearoffreedom: ...
(00:52 / Allies) raidedxelite: lol red
(00:53 / 5) thankUblizz: this is the new hurricane isle
(00:56 / 8) fearoffreedom: people hate the freedom to choose what build order to use
(00:59 / 8) fearoffreedom: and what units to build
(01:01 / Allies) raidedxelite: rush guys?
(01:03 / 8) fearoffreedom: they cant stand it
(01:06 / 8) fearoffreedom: they want to be confined
(01:11 / 8) fearoffreedom: to making 5 tier 1 units
(01:11 / All) RockMeGently: what is this building in my town
(01:18 / 8) fearoffreedom: and expoing at the cookie cut time
(01:27 / All) RockMeGently: I don't like it it's too big
(01:33 / Allies) raidedxelite: guys rush.?
(01:36 / 8) fearoffreedom: fear of open spaces
(01:37 / All) RockMeGently: I'll pick it to death
(01:42 / 8) fearoffreedom: not used to not being a slave trapped in a box
(01:43 / 5) thankUblizz: "rush?"
(01:49 / All) RockMeGently: oh no the smoke is choking me
(01:53 / Allies) yomaz: rush, sure
(02:03 / 8) fearoffreedom: my allies are tking
(02:05 / 8) fearoffreedom: this is a bust
(02:11 / 5) thankUblizz: waht do u mean
(02:19 / 8) fearoffreedom: i mean one of them is going to kill the other one
(02:24 / 5) thankUblizz: jsut dont chat
(02:28 / 8) fearoffreedom: everyone is having a mental breakdown
(03:36 / All) xXRationalismXx: YOU HEAR ME?
(03:39 / All) xXRationalismXx: A FUCKING SPECTACLE
(03:42 / 5) thankUblizz: my ally attacked the expow ith 3 foots
(03:53 / 5) thankUblizz: dambn hes actually getting it
(03:55 / 5) thankUblizz: better cap it fast
(04:31 / Allies) raidedxelite: soo what r we duin
(04:38 / Allies) raidedxelite: i geuss cc fror an hr lose
(05:20 / 5) thankUblizz: shreder is up
(05:46 / Allies) raidedxelite: wood plz
(09:08 / Allies) raidedxelite: mine
(09:30 / 5) thankUblizz: im gonna let my team take the lwoer expo
(09:33 / 5) thankUblizz: harass it mercilessly
(09:58 / All) FarmHasRisen-: d
(10:05 / All) xXRationalismXx: WE MADE IT
(10:36 / Allies) raidedxelite: need melle
(11:10 / 5) thankUblizz: plug puller
(11:27 / All) xXRationalismXx: FUCKA YOUA
(12:06 / All) xXRationalismXx: I FAP TO PICTURES OF MY EX GIRLFRIEND SOMETIMES
(14:43 / 5) thankUblizz: incomign air raid
(14:51 / Allies) raidedxelite: red mine
(15:04 / All) FarmHasRisen-: lol
(15:07 / All) FarmHasRisen-: an orc who goes wyverns
(15:10 / All) FarmHasRisen-: never fails
(15:55 / All) FarmHasRisen-: D
(15:56 / All) FarmHasRisen-: D
(17:07 / 5) thankUblizz: lol
(17:10 / All) FarmHasRisen-: wiw
(17:13 / All) FarmHasRisen-: wow
(17:46 / Allies) raidedxelite: d
(17:47 / Allies) raidedxelite: d
(17:53 / 5) thankUblizz: ally has it bricked up good
(17:55 / 5) thankUblizz: a flesh wall
(18:59 / Allies) raidedxelite: wow
(19:00 / Allies) raidedxelite: fuck u
(19:06 / 5) thankUblizz: gonna hide gold
(20:01 / 8) fearoffreedom: ya i already have been
(20:13 / 8) fearoffreedom: should i start collecting big dragons at the cost of going over food?
(20:17 / 5) thankUblizz: no
(20:58 / Allies) raidedxelite: red
(21:55 / Allies) raidedxelite: 2 there lets go
(22:10 / 5) thankUblizz: our team will hit hard soon
(22:15 / 5) thankUblizz: 100 food morts
(22:17 / 5) thankUblizz: 100 food wyvs
(22:18 / Allies) raidedxelite: 2 tpd into yellow
(22:27 / 8) fearoffreedom: god
(22:32 / 5) thankUblizz: your whole team ragepulled
(23:24 / All) raidedxelite: gg purple has no units
(23:37 / Allies) thankUblizz: neither does orange
(23:42 / Allies) thankUblizz: guess that makes it a 3v1
(24:10 / 8) fearoffreedom: my ally is feeding all
(25:18 / 5) thankUblizz: level 6 tc
(26:23 / Allies) raidedxelite: gold
(26:29 / 5) thankUblizz: im not hiding gold anymore
(26:31 / 5) thankUblizz: the begging has begun
(26:37 / Allies) raidedxelite: plz
(26:43 / Allies) raidedxelite: pruple///
(27:04 / Allies) raidedxelite: 14k gold n u cnt share
(27:32 / All) raidedxelite: purple has 14k gold n wont share
(27:43 / All) xXRationalismXx: its 4v2
(28:53 / Allies) raidedxelite: bored
(28:56 / Allies) RockMeGently: this is gona end bad
(28:57 / Allies) raidedxelite: so neither of u cna spare gold
(28:59 / Allies) RockMeGently: can we attack please
(29:11 / All) thankUblizz: im a republican
(29:13 / All) thankUblizz: no handouts
(29:19 / All) xXRationalismXx: lol
(29:22 / Allies) raidedxelite: im r too
(29:27 / Allies) raidedxelite: i hlep other republicans
(29:37 / Allies) thankUblizz: no bailouts
(29:57 / Allies) thankUblizz: best i can do is a belt of giant strength
(30:08 / Allies) thankUblizz: i see youve all kept your heros alive
(30:19 / Allies) thankUblizz: since youve managed those wisely i will invest a stregnth item
(30:20 / 8) fearoffreedom: had to kill the lich
(30:22 / 8) fearoffreedom: ally was using it
(30:55 / Allies) yomaz: purple, we need more towers...
(31:08 / Allies) raidedxelite: they have so much we lose
(31:10 / Allies) yomaz: closer to the middle if you please.
(33:44 / Allies) RockMeGently: i GOT VOODOO
(33:50 / 5) thankUblizz: "i got voodoo"
(33:53 / Allies) RockMeGently: hit and run?
(33:59 / Allies) RockMeGently: lol
(34:02 / Allies) raidedxelite: fuck u pruple
(34:09 / Allies) raidedxelite: troll
(34:13 / Allies) thankUblizz: you dont want any of this
(34:41 / 8) fearoffreedom: my one ally keeps selecting the armies i made
(34:45 / 8) fearoffreedom: and putting htem in his control groups
(34:48 / 8) fearoffreedom: by doublie clicking wyrms
(34:49 / 8) fearoffreedom: and so forth
(34:56 / Allies) raidedxelite: 400 food vs 300
(34:58 / 8) fearoffreedom: hes so dumb hes acidentally getting all my shit kileld
(35:22 / All) xXRationalismXx: good discipline
(35:39 / Allies) raidedxelite: lol
(35:43 / Allies) raidedxelite: gj
(35:46 / Allies) raidedxelite: now u lose
(35:53 / Allies) thankUblizz: nah i win
(36:09 / All) raidedxelite: purple trolling hard
(36:21 / All) xXRationalismXx: purple please bs
(36:27 / All) raidedxelite: he is
(36:29 / All) raidedxelite: jus killed me
(36:33 / All) raidedxelite: lol
(36:34 / All) thankUblizz: pink tried to rebel against his republican overlord
(36:37 / All) raidedxelite: he has 20k gold
(36:39 / All) thankUblizz: he was thrown into gehenneh
(36:40 / All) xXRationalismXx: LOL
(36:40 / All) raidedxelite: 15 k wood
(36:46 / All) thankUblizz: no bailouts, no welfare
(36:50 / All) xXRationalismXx: MORE MORE MORE
(36:51 / All) raidedxelite: wont give me any for town halk
(36:54 / All) raidedxelite: now hes tking me
(36:57 / All) xXRationalismXx: REPUBLICANS WILL NOT STOP UNTIL IT'S ALL GONE UP IN FLAMES
(37:00 / All) raidedxelite: but its ok cause if he wins i win
(37:02 / All) xXRationalismXx: EVERYONE MUST GO
(37:02 / Allies) raidedxelite: :)
(37:07 / All) thankUblizz: actions have consequences pink
(37:12 / All) thankUblizz: you frivoled away your money
(37:15 / All) raidedxelite: lvl 2 heris
(37:16 / All) thankUblizz: sending soldiers to their deaths
(37:16 / All) xXRationalismXx: YOU NEEDD TO BE RESPONSIBLE PINK
(37:18 / All) thankUblizz: now your term is over
(37:28 / Allies) raidedxelite: u stole mines after i hlepd u get them
(37:31 / Allies) raidedxelite: and u think ur good?
(37:35 / Allies) raidedxelite: lol
(37:39 / All) thankUblizz: i let you have that expo
(37:40 / 8) fearoffreedom: its always the same thing
(37:41 / All) thankUblizz: you didnt defend it
(37:42 / All) thankUblizz: and it died
(37:45 / 8) fearoffreedom: when your undead ally runs out of gold in his mine
(37:48 / Allies) raidedxelite: dont matter
(37:50 / 8) fearoffreedom: he sends the 5 peons to clog the choke
(37:51 / Allies) raidedxelite: if u win i get the win
(37:52 / All) xXRationalismXx: PURPLE YOUR FORTRESS IS MAKING THIS GAME IMPOSSILE TO END
(37:52 / 8) fearoffreedom: just sitting there
(37:54 / Allies) raidedxelite: so have fun
(37:55 / 8) fearoffreedom: every time we do this
(37:58 / 8) fearoffreedom: an undead player does that
(38:01 / Allies) raidedxelite: jus made it harder for urself
(38:08 / 8) fearoffreedom: these people have had their minds homogenized by memes
(38:09 / All) raidedxelite: then leave
(38:15 / All) raidedxelite: purple is going gryphs n drags
(38:17 / All) xXRationalismXx: YOU LEAVE
(38:21 / All) raidedxelite: 1 mine left
(38:33 / All) raidedxelite: teal has shit
(38:41 / All) raidedxelite: red is only decent player
(38:54 / 5) thankUblizz: he says red is decent because red got the other expo
(38:59 / 5) thankUblizz: and had enough gold to suicide more than one army
(39:17 / All) xXRationalismXx: lol...
(39:22 / Allies) raidedxelite: lol aall that air
(39:34 / All) raidedxelite: u guys cna easily win
(39:40 / All) raidedxelite: teal has morts....
(39:43 / All) raidedxelite: purple has gryphs
(39:49 / All) thankUblizz: orange and i are both successful businessmen
(39:51 / All) raidedxelite: n thats it u have 400 food vs 140
(39:52 / All) xXRationalismXx: its the towers homie
(39:54 / All) thankUblizz: i think we can negotioate an outcome
(39:56 / All) thankUblizz: that is good for btoh of us
(40:03 / All) xXRationalismXx: LOL
(40:06 / All) thankUblizz: you have to embrace globalism
(40:07 / All) xXRationalismXx: THIS GUY IS PRICELESS
(40:08 / Allies) raidedxelite: u ha
(40:09 / All) thankUblizz: to get ahead in the modern age
(40:11 / All) raidedxelite: u have frosties lol
(40:14 / All) xXRationalismXx: LOLLLLLLLL
(40:15 / All) thankUblizz: blind nationalism is a thing of the past
(40:31 / All) xXRationalismXx: FREEDOM IS SLAVERY
(40:33 / All) xXRationalismXx: WAR IS PEACE
(40:36 / All) xXRationalismXx: IGNORANCE IS STRENGTH
(40:47 / All) thankUblizz: are you quoting your 5th grade reading material to me?
(41:00 / All) xXRationalismXx: INDEED SIR
(41:48 / Allies) RockMeGently: yo purple?
(41:54 / Allies) RockMeGently: how did you get so much gold?
(42:11 / All) raidedxelite: he has 10 aviaries
(42:15 / Allies) thankUblizz: my administration doesnt tax businesses that have below 51 employees
(42:25 / All) xXRationalismXx: he gonna use them on us or you?
(42:26 / Allies) thankUblizz: i earned most of my capital with 50 workers
(42:33 / Allies) thankUblizz: and now i can rest on my laurels
(42:39 / Allies) thankUblizz: as a capitalist success story
(42:50 / Allies) raidedxelite: u have no business u cnt even handle a game made for 12 years olds with being a moron
(43:04 / Allies) thankUblizz: those sound like the words of a spiteful "have not"
(43:14 / Allies) thankUblizz: i remember when you were living high on the hog pink
(43:18 / Allies) thankUblizz: farming above 80 food
(43:22 / Allies) thankUblizz: like there was no tomorrow
(43:22 / Allies) raidedxelite: ur lvl 2 heros r gonna get raped lol
(43:26 / Allies) thankUblizz: now look where it has gotten you
(43:28 / Allies) thankUblizz: begging for a handout
(43:29 / Allies) raidedxelite: lol lich tanking ur towers
(43:34 / All) raidedxelite: lmao
(43:39 / All) raidedxelite: lich v s all dem towers
(43:43 / All) xXRationalismXx: projected game finish time... 6 hours
(43:44 / 8) fearoffreedom: im worried about how many allied units i made
(43:53 / 8) fearoffreedom: eventually when all his stuff is dead hes going to try to control the thingsi made
(44:00 / 8) fearoffreedom: and when i try to deny him he will get forceful
(44:03 / All) xXRationalismXx: LOL
(44:04 / 5) thankUblizz: kill some of it off
(44:05 / All) xXRationalismXx: WTF
(44:07 / 5) thankUblizz: my team is owned
(44:08 / All) xXRationalismXx: PURPLE YOU'RE PLAYING NOW?
(44:09 / 5) thankUblizz: theyre flat broke
(44:14 / 5) thankUblizz: well except hte orc
(44:18 / All) xXRationalismXx: PLEASE TK
(44:20 / All) raidedxelite: his lvl 2 heros r scarey
(44:20 / All) xXRationalismXx: FOR GOD SAKE
(44:22 / All) xXRationalismXx: PLEASE
(44:30 / All) thankUblizz: i think teal and red saw what happened to pink
(44:36 / All) thankUblizz: they wouldnt risk it
(44:40 / All) raidedxelite: lol
(44:42 / All) thankUblizz: as for me, i am a benign dictator
(44:47 / All) thankUblizz: i tolerate their presence within my walls
(44:49 / All) raidedxelite: gg we lose
(44:50 / All) xXRationalismXx: RUNS IN FOR HTE SUICIDE
(44:51 / All) raidedxelite: nobo purple
(45:01 / All) xXRationalismXx: LOL WE LOST
(45:03 / All) xXRationalismXx: YOU IDIOTS
(45:05 / All) xXRationalismXx: WE NEVER HAD A CHANCE
(45:10 / All) xXRationalismXx: DON'T YOU UNDERSTAND
(45:11 / All) raidedxelite: purples not even fighting
(45:14 / All) xXRationalismXx: BURN IN HELL ALL OF YOU
(45:18 / All) raidedxelite: he has the largest army jus standing there
(45:22 / 8) fearoffreedom: well that works
(45:25 / 8) fearoffreedom: im alone over her enow
(47:07 / 5) thankUblizz: i cnat find pinks one food
(47:08 / 5) thankUblizz: for the life of me
(47:15 / All) raidedxelite: ooo wow purple is hacking
(47:22 / All) raidedxelite: save the raply
(47:32 / Allies) raidedxelite: he jus made town hall in liek 3 secs with no worker
(47:42 / 5) thankUblizz: "me made a town hall in like 3 seconds with no worker"
(47:46 / 5) thankUblizz: *he
(47:58 / 8) fearoffreedom: wat
(48:03 / 5) thankUblizz: i quick halled in his odl town
(48:06 / 5) thankUblizz: and he said it was hacking
(48:10 / 5) thankUblizz: not sure if he was kidding
(48:23 / All) raidedxelite: report purple he hackin
(48:40 / All) thankUblizz: /hideminimapsignals
(48:50 / 5) thankUblizz: feel free to eat my towers
(48:59 / 5) thankUblizz: ill try to have htem shoot he main or something
(49:01 / 5) thankUblizz: whien u hit
(49:32 / 5) thankUblizz: do u have a level 6 lich
(49:45 / 8) fearoffreedom: no
(49:48 / 8) fearoffreedom: i had to keep slaying it
(49:51 / 5) thankUblizz: k
(49:53 / 8) fearoffreedom: my ally kept rebuilding it and using it
(50:38 / 8) fearoffreedom: were u watching mid
(50:41 / 5) thankUblizz: no
(50:46 / 8) fearoffreedom: he just attack moved at me
(50:49 / 8) fearoffreedom: and i moved forward a little
(50:51 / 5) thankUblizz: you could have rpaed him
(50:51 / 8) fearoffreedom: and he used voodoo
(50:53 / All) raidedxelite: he hasnt even upgraded it his units lol
(50:53 / 8) fearoffreedom: and i just backed up
(50:59 / 5) thankUblizz: oh it was never in range
(51:02 / 8) fearoffreedom: and he sat out htere
(51:04 / 8) fearoffreedom: voodooing
(51:04 / 5) thankUblizz: lol
(51:06 / 8) fearoffreedom: and there was no fight
(51:11 / 8) fearoffreedom: much better than killing his stuff
(51:18 / Allies) RockMeGently: this is a stalemate
(51:20 / 5) thankUblizz: come roast one tower
(51:21 / 5) thankUblizz: and back up
(51:22 / All) RockMeGently: stalemate
(51:25 / 5) thankUblizz: care of light orbs tho
(51:34 / All) RockMeGently: gg test tomorrow
(51:49 / All) thankUblizz: for a price of 100,000 gold coins i will cede to you all my lands
(51:55 / All) thankUblizz: if you give me a spot on your board
(52:06 / 5) thankUblizz: oh woops i sohuld have had towers shoot hall
(52:12 / 5) thankUblizz: heal up and go again
(52:15 / 5) thankUblizz: i was too busy rping
(53:14 / 5) thankUblizz: i cant stay up all night for this
(53:18 / 8) fearoffreedom: this has gone on long enough
(53:19 / 8) fearoffreedom: going all in
(53:21 / 8) fearoffreedom: shoot ur main soon
(53:26 / Allies) RockMeGently: are you collecting dragons blizz?
(54:03 / All) raidedxelite: lol told u we lose
(54:24 / All) thankUblizz: i shall join forces with orange
(55:03 / All) raidedxelite: lol he dont even att
(55:30 / All) thankUblizz: vote romney 2012
(55:41 / All) raidedxelite: i was going to but now
(55:44 / Allies) raidedxelite: im voting obama
(55:52 / Allies) raidedxelite: red
(55:53 / 5) thankUblizz: i gave pink 15k
(55:54 / 5) thankUblizz: he has no town
(55:56 / 5) thankUblizz: lol
(56:09 / Allies) raidedxelite: guys make units
(56:18 / 5) thankUblizz: kill rds town
(56:20 / 5) thankUblizz: he gave red 3k
(56:28 / Allies) raidedxelite: bats red
(56:34 / 5) thankUblizz: send some of that shit to red
(56:44 / Allies) raidedxelite: all bats
(56:44 / 5) thankUblizz: he gave teal 1500
(56:46 / Allies) yomaz: can't make units...
(57:23 / All) raidedxelite: vote obama!!!
(57:34 / All) raidedxelite: guys liek pruple dont deserve to be in charge of anything
(57:35 / All) thankUblizz: a vote for obama is a vote for a failed state
(57:45 / All) raidedxelite: they r uselss assholes who waste time and achieve nothing in the end
(57:47 / All) thankUblizz: see how pinks town turned out?
(57:51 / All) thankUblizz: thats where america is headed
(57:53 / All) raidedxelite: jus like this game
(57:59 / All) raidedxelite: they waste ur time with no result
(58:06 / All) raidedxelite: dont waste 4 years
(58:38 / 5) thankUblizz: no
(58:39 / 5) thankUblizz: attack with it
(58:41 / 5) thankUblizz: ium spamming stop
(59:00 / 5) thankUblizz: he had my tower selected
(59:05 / 5) thankUblizz: and he coudltn get it to shoot a 1 hp gryph
(59:08 / 5) thankUblizz: because i was spamming stop
(59:10 / 5) thankUblizz: lol
(60:12 / 5) thankUblizz: get his birds
(60:24 / 5) thankUblizz: bottom left
(60:25 / 5) thankUblizz: 2 harpies
(61:02 / 5) thankUblizz: idle units
(61:27 / 5) thankUblizz: l;ets boot him
(61:32 / 5) thankUblizz: right after u kill the brid
(61:34 / 5) thankUblizz: im turnign th on
(61:39 / 5) thankUblizz: on
(61:46 / 8) fearoffreedom: th on
(61:50 / All) thankUblizz: RAPED
(61:53 / 8) fearoffreedom: bird di=own
(61:55 / All) fearoffreedom: RAPED
(61:57 / 5) thankUblizz: lol